AoeStats
← 漂亮国五星上将艾森豪威尔下士

Arena

510955731Analyzed
4v4 RM · 6h ago on Oct 3, 2026· 44m 4s· 8 players
Game mode
Random Map
Map size
Large (8 player)
Population
200
Speed
Normal
Resources
Standard
Victory
Conquest
Starting age
Dark Age
Ending age
Imperial Age
RankedLock teamsTeams togetherTeam positionsShared explorationLock speedFull tech treeHidden civsTurbo modeCheats
Victory
Defeat
🇨🇳 Cumans · China
1101
+13
🇨🇳 Teutons · China
1077
+14
🇨🇳 Bengalis · China
955
+19
🇭🇰 Slavs · Hong Kong SAR China
872
+23
🇸🇪 Britons · Sweden
1040
-18
🇹🇼 Persians · Taiwan
1027
-17
🇮🇳 Lithuanians · India
1018
-17
🇨🇳 Franks · China
1012
-17
itzjonyfps
0:29 Loom
10:19 Feudal Age
10:48 Horse Collar
10:56 Double-Bit Axe
12:16 Wheelbarrow
18:07 Castle Age
19:14 Hand Cart
19:13 Bow Saw
20:48 Stone Mining
23:04 Stone Shaft Mining
29:53 Heavy Plow
33:20 Imperial Age
31:33 Scale Barding Armor
31:42 Forging
31:54 Gold Mining
34:41 Iron Casting
34:37 Elite Leitis
37:15 Chain Barding Armor
76561199017414489
11:08 Feudal Age
14:50 Castle Age
13:44 Double-Bit Axe
16:07 Bow Saw
20:13 Wheelbarrow
25:05 Gold Mining
25:06 Stone Mining
29:13 Imperial Age
28:18 Gold Shaft Mining
28:38 Scale Barding Armor
28:44 Forging
30:19 Chain Barding Armor
30:19 Hand Cart
29:47 Cavalier
31:22 Conscription
30:26 Ordonnance Companies
31:13 Husbandry
31:54 Chivalry
33:42 Plate Barding Armor
33:43 Iron Casting
34:27 Elite Throwing Axeman
37:54 Paladin
40:11 Blast Furnace
Shusai
10:30 Feudal Age
16:30 Castle Age
14:40 Double-Bit Axe
15:14 Horse Collar
20:33 Fletching
23:16 Wheelbarrow
24:29 Bow Saw
24:16 Pikeman
28:01 Hand Cart
35:04 Scale Mail Armor
35:15 Forging
35:08 Padded Archer Armor
35:03 Bodkin Arrow
36:29 Ballistics
36:13 Squires
37:51 Elite Skirmisher
kenghsien77
10:50 Feudal Age
15:03 Castle Age
26:52 Fletching
36:26 Loom
gregyostnerij
2:36 Loom
8:48 Feudal Age
9:35 Double-Bit Axe
11:44 Horse Collar
20:41 Castle Age
18:33 Loom
19:56 Wheelbarrow
20:26 Scale Barding Armor
20:31 Forging
20:21 Gold Mining
21:32 Bloodlines
22:15 Gold Shaft Mining
21:53 Bow Saw
21:46 Heavy Plow
21:43 Capped Ram
23:29 Chain Barding Armor
25:51 Iron Casting
30:16 Hand Cart
39:23 Imperial Age
39:07 Steppe Husbandry
39:27 Stone Mining
39:32 Cavalier
40:50 Plate Barding Armor
41:18 Blast Furnace
40:41 Conscription
41:13 Crop Rotation
41:53 Two-Man Saw
40:22 Siege Ram
40:54 Paladin
Otto der Große
7:16 Loom
9:43 Feudal Age
12:24 Fletching
23:23 Castle Age
21:38 Double-Bit Axe
21:42 Horse Collar
35:14 Imperial Age
33:00 Bow Saw
36:43 Conscription
37:02 Wheelbarrow
37:36 Two-Man Saw
36:29 Gold Mining
漂亮国五星上将艾森豪威尔下士
10:32 Feudal Age
13:45 Double-Bit Axe
16:10 Castle Age
15:51 Horse Collar
19:21 Bow Saw
20:25 Gold Mining
21:19 Heavy Plow
22:37 Wheelbarrow
22:39 Forging
23:30 Scale Barding Armor
24:32 Gold Shaft Mining
26:32 Chain Barding Armor
26:50 Hand Cart
26:34 Stone Mining
27:59 Iron Casting
28:38 Husbandry
28:49 Bloodlines
31:56 Imperial Age
30:25 Fortified Wall
30:25 Masonry
32:10 Town Watch
32:11 Loom
34:15 Crop Rotation
34:47 Two-Man Saw
34:27 Plate Barding Armor
34:53 Blast Furnace
33:54 Elite Boyar
35:07 Town Patrol
35:48 Conscription
36:26 Detinets
37:10 Scale Mail Armor
36:33 Cavalier
38:02 Murder Holes
41:21 Druzhina
40:52 Sappers
41:58 Hoardings
43:41 Siege Engineers
无语
10:12 Feudal Age
14:27 Castle Age
12:55 Double-Bit Axe
13:33 Horse Collar
16:04 Bow Saw
20:27 Heavy Plow
23:13 Gold Mining
23:16 Stone Mining
24:22 Wheelbarrow
28:24 Imperial Age
25:41 Loom
26:45 Gold Shaft Mining
27:10 Hand Cart
26:41 Town Watch
26:51 Fletching
27:12 Padded Archer Armor
28:19 Bodkin Arrow
28:39 Leather Archer Armor
27:59 Crossbowman
28:33 Elite Elephant Archer
29:22 Bracer
29:48 Ballistics
30:29 Chemistry
30:01 Bloodlines
29:51 Husbandry
30:34 Crop Rotation
31:07 Two-Man Saw
31:05 Conscription
31:50 Paiks
33:42 Mahayana
35:26 Coinage
35:52 Ring Archer Armor
37:15 Banking
36:57 Guilds
39:27 Siege Engineers
39:33 Fortified Wall
39:20 Murder Holes
39:35 Masonry
39:12 Arrowslits
Connection lost

Rejoining the realm…

Still unreachable

The connection could not be restored.

Session expired

The server has moved on; the page needs a fresh start.